Map: Terraform LE (Void)

Players

Vash

  • Race: Protoss Protoss
  • League: Bronze

SticklerMac - Winner!

  • Race: Zerg Zerg
  • League: Bronze

VOD

Have the link to the VOD?

Description

Time

  • Played on: July 18, 2015, 10:57 p.m.
  • Length: 13:56
Show
View Real Time Build Order
Export as new Build Order

Vash Protoss 

Build Orders:  

Get SALT Encoding   

  12  0:03  Probe  
  13  0:13  Pylon  
  13  0:18  Probe  
  14  0:31  Gateway  
  14  0:34  Probe (Chrono Boost)  
  16  0:44  Probe (Chrono Boost)  
  16  0:51  Probe, Assimilator  
  16  0:54  Assimilator  
  17  1:03  Probe (Chrono Boost)  
  18  1:15  Probe (Chrono Boost)  
  19  1:21  Cybernetics Core, Probe (Chrono Boost)  
  20  1:32  Probe (Chrono Boost)  
  21  1:44  Probe (Chrono Boost)  
  21  1:46  Pylon  
  22  1:58  Warp Gate  
  22  2:04  Mothership Core, Adept  
  26  2:13  Nexus  
  26  2:26  Pylon  
  26  2:36  Adept  
  28  2:39  Probe  
  29  2:51  Probe (Chrono Boost), Forge  
  30  3:02  Probe (Chrono Boost)  
  31  3:10  Probe (Chrono Boost)  
  32  3:16  Probe (Chrono Boost)  
  32  3:19  Gateway  
  33  3:25  Gateway  
  33  3:27  Probe  
  34  3:42  Gateway  
  34  3:49  Probe (Chrono Boost)  
  34  3:52  Protoss Ground Weapons Level 1  
  34  3:54  Probe (Chrono Boost)  
  36  3:58  Twilight Council  
  37  4:03  Probe (Chrono Boost)  
  37  4:08  Probe (Chrono Boost)  
  38  4:16  Assimilator  
  40  4:17  Assimilator  
  40  4:18  Probe x2 (Chrono Boost)  
  40  4:24  Stalker  
  40  4:25  Probe x2  
  40  4:29  Pylon  
  44  4:37  Probe  
  45  4:40  Probe  
  45  4:42  Pylon  
  46  4:49  Probe  
  47  4:55  Gateway  
  47  4:59  Gateway  
  47  5:02  Gateway  
  47  5:03  Gateway  
  47  5:06  Probe (Chrono Boost)  
  49  5:08  Gateway  
  49  5:10  Shield Upgrade  
  49  5:12  Probe (Chrono Boost)  
  49  5:15  Adept x2  
  49  5:20  Probe (Chrono Boost)  
  54  5:27  Adept  
  56  5:30  Probe  
  57  5:35  Pylon  
  57  5:38  Pylon  
  57  5:44  Adept x2  
  57  5:46  Protoss Shields Level 1  
  61  5:51  Pylon  
  61  6:05  Adept x4  
  61  6:06  Adept x4  
  77  6:18  Pylon  
  77  6:24  Pylon  
  77  6:27  Robotics Facility  
  76  6:37  Stalker x3  
  76  6:38  Stalker  
  84  6:49  Stalker x3  
  88  7:02  Adept  
  88  7:03  Adept x4  
  78  7:16  Adept  
  78  7:17  Adept x2  
  82  7:25  Adept  
  82  7:26  Adept x2  
  88  7:34  Stalker x2  
  92  7:45  Adept x3  
  92  7:46  Adept  
  98  8:03  Adept x3  
  98  8:04  Adept  
  84  8:18  Adept x4  
  72  8:33  Adept  
  66  8:34  Adept x3  
  52  8:54  Immortal (Chrono Boost)  
  56  9:05  Sentry x4  
  56  9:06  Sentry x4  
  72  9:36  Stalker x6  
  72  9:37  Stalker  
  74  9:48  Stalker  
  65  10:00  Adept x5  
  65  10:01  Adept x2  
  75  10:14  Pylon  
  75  10:20  Forge  
  75  10:27  Adept  
  75  10:28  Adept x2  
  79  10:31  Adept  
  83  10:40  Adept  
  83  10:41  Adept x2  
  89  10:58  Pylon  
  89  11:19  Adept x5  
  97  11:39  Adept x2  
  57  12:00  Immortal (Chrono Boost)  
  44  12:18  Sentry  
  44  12:19  Sentry x4  
  54  12:26  Adept x2  
  58  12:32  Immortal (Chrono Boost)  
  62  12:49  Adept x3  
  62  12:50  Adept x3  
  72  13:05  Adept x2  
  54  13:19  Adept x2  
  50  13:20  Adept  
  37  13:35  Sentry  
  35  13:48  Adept x2  
Show
View Real Time Build Order
Export as new Build Order

SticklerMac Zerg - Winner!

Build Orders: 3 Hatch before Pool 

Get SALT Encoding   

  12  0:00  Drone  
  13  0:08  Drone  
  14  0:17  Overlord  
  14  0:42  Hatchery  
  13  0:45  Drone  
  14  1:13  Drone  
  14  1:14  Hatchery  
  14  1:18  Drone  
  15  1:23  Drone  
  17  1:25  Drone  
  17  1:41  Spawning Pool  
  17  1:46  Drone  
  17  1:47  Drone  
  17  1:51  Extractor  
  17  1:54  Drone  
  18  1:57  Drone  
  19  2:04  Drone  
  19  2:07  Drone  
  22  2:15  Drone  
  22  2:25  Drone  
  22  2:26  Drone  
  22  2:27  Drone  
  22  2:29  Queen  
  27  2:35  Queen  
  29  2:44  Queen  
  29  2:48  Drone  
  32  2:56  Metabolic Boost  
  32  2:58  Drone x2  
  34  3:00  Overlord  
  34  3:06  Overlord  
  36  3:20  Drone x6  
  36  3:23  Drone  
  41  3:31  Drone x4  
  45  3:34  Drone  
  46  3:42  Drone  
  46  3:43  Roach Warren, Drone  
  46  3:47  Drone  
  49  3:55  Zergling x4  
  49  3:57  Overlord  
  50  4:16  Hatchery, Zergling x2  
  50  4:17  Zergling x10  
  50  4:23  Hatchery  
  54  4:27  Overlord x3  
  54  4:28  Overlord  
  54  4:34  Zergling x4  
  56  4:41  Drone x2  
  56  4:44  Overlord  
  56  4:45  Overlord x2  
  58  4:49  Extractor  
  58  4:51  Drone  
  58  4:52  Drone x4, Extractor  
  61  4:53  Drone  
  61  4:56  Drone x2  
  61  4:59  Drone  
  65  5:05  Drone  
  65  5:06  Drone  
  67  5:12  Drone x3  
  70  5:21  Roach x8  
  72  5:23  Roach  
  72  5:25  Roach  
  72  5:28  Queen  
  90  5:35  Evolution Chamber, Drone  
  92  5:36  Evolution Chamber, Drone  
  92  5:39  Queen  
  94  5:50  Roach  
  94  5:51  Roach x3  
  94  5:53  Roach  
  94  5:54  Roach  
  106  6:02  Drone x2  
  106  6:03  Drone  
  106  6:04  Queen  
  109  6:05  Overlord x2  
  109  6:06  Roach  
  113  6:16  Lair  
  113  6:21  Zerg Missile Weapons Level 1, Zerg Ground Armor Level 1  
  113  6:26  Zergling x2  
  113  6:27  Roach  
  113  6:28  Roach x5  
  113  6:29  Zergling x2  
  125  6:41  Zergling x12  
  125  6:42  Zergling x6  
  125  6:45  Roach  
  134  6:51  Roach  
  134  6:52  Overlord  
  134  6:53  Overlord x4  
  128  7:05  Zergling x6  
  128  7:06  Roach x2  
  128  7:07  Roach  
  128  7:08  Roach  
  127  7:09  Roach x2  
  106  7:23  Roach x2  
  106  7:24  Roach x8  
  106  7:26  Roach  
  106  7:27  Roach  
  128  7:41  Roach  
  128  7:42  Roach x4  
  135  7:51  Roach  
  135  7:52  Roach x3  
  135  7:57  Roach x2  
  145  8:02  Roach  
  145  8:03  Zergling x4  
  145  8:04  Zergling x6  
  127  8:16  Roach x4  
  121  8:22  Queen  
  121  8:23  Queen  
  121  8:26  Zergling x6  
  115  8:30  Roach  
  115  8:31  Roach  
  116  8:38  Roach  
  113  8:50  Roach x3  
  119  9:02  Roach x5  
  129  9:11  Roach  
  131  9:19  Roach  
  131  9:20  Roach x5  
  142  9:25  Roach x4  
  142  9:26  Roach  
  150  9:33  Roach  
  150  9:34  Roach x2  
  144  9:39  Roach  
  132  9:47  Roach x3  
  132  9:48  Roach  
  124  9:53  Drone, Roach  
  124  9:56  Roach  
  124  9:57  Roach, Zergling x2  
  118  10:03  Roach  
  118  10:04  Roach  
  120  10:29  Zerg Missile Weapons Level 2  
  120  10:38  Roach  
  120  10:39  Roach x4  
  130  10:43  Roach  
  130  10:44  Roach  
  134  10:52  Roach  
  134  10:53  Roach x2  
  140  11:00  Hatchery, Roach  
  140  11:01  Roach x2  
  140  11:02  Drone, Zergling x2  
  140  11:03  Zergling x10  
  152  11:04  Zergling x2  
  153  11:18  Zergling x2  
  153  11:19  Zergling x14  
  161  11:31  Roach  
  161  11:32  Roach  
  142  11:46  Drone, Roach x2  
  137  11:47  Roach x2  
  137  11:51  Roach  
  129  11:54  Drone  
  129  11:55  Roach  
  131  12:04  Roach x3  
  137  12:14  Roach x3  
  143  12:38  Roach x3  
  143  12:39  Roach  
  143  12:41  Hatchery  
  149  12:50  Roach x3  
  145  12:56  Roach x2  
  138  13:03  Roach x2  
  138  13:04  Roach  
  134  13:07  Roach  
  134  13:09  Roach  
  128  13:18  Roach  
  128  13:19  Roach x2  
  122  13:29  Roach x4  
Tags
 
Add a new tag
Caveats
  • Supply blocks, unpowered buildings, or Contaminate may cause inaccurate times.
  • Supply counts are checked every 10 seconds.